 Dungeon Crawl Stone Soup version 0.27.1-2-g3b301248ec (webtiles) character file.

Game seed: 17440266832796446990

1109 DemonSlayer the Chopper (level 8, 0/48 HPs)
             Began as a Tengu Berserker on Sept 23, 2021.
             Was an Elder of Trog.
             Slain by a steam dragon (3 damage)
             ... on level 6 of the Dungeon.
             The game lasted 00:17:31 (7477 turns).

DemonSlayer the Chopper (Tengu Berserker)           Turns: 7477, Time: 00:17:33

Health: 0/48       AC: 12    Str: 17    XL:     8   Next: 33%
Magic:  9/9        EV:  7    Int:  8    God:    Trog [****..]
Gold:   89         SH:  0    Dex: 16    Spells: 7/7 levels left

rFire    . . .     SeeInvis .   u - +0 war axe (flame)
rCold    . . .     Faith    +   (no shield)
rNeg     . . .     Spirit   .   t - +0 plate armour
rPois    .         Reflect  .   (helmet restricted)
rElec    .         Harm     .   (no cloak)
rCorr    .         Rampage  .   (no gloves)
Will     .....                  (boots unavailable)
Stlth    ..........             j - amulet of faith
HPRegen  0.16/turn              (no ring)
MPRegen  0.11/turn              (no ring)

@: on berserk cooldown, flying quickly and evasively, quick
A: beak, talons 3, nimble flight
a: Renounce Religion, Berserk, Trog's Hand, Brothers in Arms


You were on level 6 of the Dungeon.
You worshipped Trog.
Trog was greatly pleased with you.
You visited 1 branch of the dungeon, and saw 6 of its levels.

You collected 206 gold pieces.
You spent 117 gold pieces at shops.

Inventory:

Hand Weapons
 u - a +0 war axe of flaming (weapon)
Missiles
 c - 3 throwing nets
 e - 4 boomerangs (quivered)
 k - 42 poisoned darts
Armour
 t - a +0 plate armour (worn)
Jewellery
 j - an amulet of faith (around neck)
Scrolls
 b - a scroll of amnesia {unknown}
 d - 2 scrolls of enchant weapon {unknown}
 f - 2 scrolls of magic mapping {unknown}
 h - a scroll of enchant armour {unknown}
 l - 2 scrolls of teleportation {unknown}
 m - 2 scrolls of identify {unknown}
 p - a scroll of torment {unknown}
 q - 3 scrolls of noise {unknown}
 r - a scroll of fog {unknown}
Potions
 g - 2 potions of lignification {unknown}
 i - a potion of berserk rage {unknown}
 n - a potion of might {unknown}
 o - 3 potions of curing {unknown}
 s - 2 potions of attraction {unknown}


   Skills:
 + Level 4.4 Fighting
 + Level 6.8 Axes
 + Level 3.4 Throwing
 + Level 6.4 Armour
 + Level 2.8 Dodging
 + Level 1.1 Stealth


You had 7 spell levels left.
You didn't know any spells.
Your spell library was empty.

Dungeon Overview and Level Annotations

Branches:
Dungeon (6/15)             Temple (0/1) D:4

Altars:
Cheibriados
Fedhas
Okawaru
Vehumet

Shops:
D:1 (   D:5 *


Innate Abilities, Weirdness & Mutations

You have a beak for a mouth.
You have claws for feet.
Your magical nature lets you fly swiftly and evasively.


Message History

You start resting.
A steam dragon comes into view.
A steam dragon is nearby!
A steam dragon is nearby!
The steam dragon hisses angrily.
The steam dragon breathes steam at you. The ball of steam hits you!
No target in view!
No target in view!
Unknown command.
You are engulfed in a cloud of scalding steam.
Your plate armour prevents you from hitting the steam dragon.
You are engulfed in a cloud of scalding steam.
The steam dragon barely misses you.
The steam dragon claws you but does no damage.
The steam dragon barely misses you. x2
You slash the steam dragon! You burn the steam dragon.
Your kick misses the steam dragon.
The steam dragon is moderately wounded.
You feel yourself speed up.
The steam dragon closely misses you. x2; The steam dragon barely misses you.
The steam dragon claws you but does no damage.
You closely miss the steam dragon. You peck the steam dragon.
The steam dragon is heavily wounded.
The steam dragon bites you.
* * * LOW HITPOINT WARNING * * *
The steam dragon claws you but does no damage.
Okay, then.
You slash the steam dragon! You burn the steam dragon.
The steam dragon is almost dead.
The steam dragon breathes steam at you. The ball of steam hits you!
* * * LOW HITPOINT WARNING * * *
You closely miss the steam dragon.
You peck the steam dragon, but do no damage.
The steam dragon is severely wounded.
You are engulfed in a cloud of scalding steam.
The steam dragon bites you but does no damage.
The steam dragon claws you.
You die...

.## #.# ...
#.# #.# # #.#
.## #D##...#
# #@##...# (#
#§##..(###.
#§........
#.........
#.........
####...###
#..<#
............#
.......####.#


You could see a steam dragon (catching breath).

Vanquished Creatures
  An ice beast (D:5)
  A sky beast (D:6)
  An ogre (D:4)
  A necrophage (D:5)
  A phantom (D:4)
  A kobold brigand (D:4)
  A wyvern skeleton (D:3)
  A bullfrog zombie (D:6)
  2 centaur zombies (D:5)
  3 hounds
  2 orc priests
  A gnoll shaman (D:4)
  An orc wizard (D:3)
  Terence (D:2)
  5 adders
  6 gnolls
  A shadow imp (D:5)
  A white imp (D:5)
  An ufetubus (D:4)
  A worm (D:2)
  6 dart slugs
  8 orcs
  3 ball pythons
  8 endoplasms
  4 giant cockroaches
  10 goblins
  10 hobgoblins
  4 jackals (D:3)
  7 quokkas
  4 bats
  A frilled lizard (D:1)
  12 kobolds
  2 rats
112 creatures vanquished.

Vanquished Creatures (others)
  A hobgoblin (D:3)
  4 plants (D:3)
5 creatures vanquished.

Grand Total: 117 creatures vanquished

Notes
Turn   | Place    | Note
-------+----------+-------------------------------------------
     0 | D:1      | DemonSlayer the Tengu Berserker began the quest for the
                  | Orb.
     0 | D:1      | Reached XP level 1. HP: 14/14 MP: 2/2
   221 | D:1      | Reached XP level 2. HP: 19/19 MP: 3/3
  1261 | D:1      | Reached XP level 3. HP: 23/23 MP: 4/4
  1355 | D:1      | Found a faded altar of an unknown god.
  1694 | D:1      | Found Wahoas's Antique Weapon Shoppe.
  2411 | D:2      | Reached ** piety under Trog
  2532 | D:2      | Reached XP level 4. HP: 28/28 MP: 5/5
  2613 | D:2      | Reached skill level 1 in Throwing
  2797 | D:2      | Noticed Terence
  2809 | D:2      | Killed Terence
  2918 | D:3      | Found a radiant altar of Vehumet.
  2929 | D:3      | Gained mutation: Your magical nature lets you fly swiftly
                  | and evasively. [Tengu growth]
  2929 | D:3      | Reached XP level 5. HP: 30/32 MP: 6/6
  3208 | D:3      | Reached *** piety under Trog
  3563 | D:3      | Reached skill level 5 in Axes
  3563 | D:3      | Reached XP level 6. HP: 18/37 MP: 7/7
  4435 | D:4      | Found a staircase to the Ecumenical Temple.
  4468 | D:4      | Found a snail-covered altar of Cheibriados.
  4914 | D:4      | Reached XP level 7. HP: 43/43 MP: 8/8
  4942 | D:4      | Reached skill level 5 in Armour
  5135 | D:4      | Reached **** piety under Trog
  5240 | D:5      | Entered Level 5 of the Dungeon
  5325 | D:5      | Reached skill level 1 in Stealth
  5879 | D:5      | Reached XP level 8. HP: 29/48 MP: 9/9
  6561 | D:5      | Found Xigiygebb's Assorted Antiques.
  6725 | D:1      | Bought a runed war axe for 117 gold pieces
  6860 | D:5      | Found an iron altar of Okawaru.
  6925 | D:5      | Found a blossoming altar of Fedhas.
  7477 | D:6      | Slain by a steam dragon

Illustrated notes

Levels and vault maps discovered:
D:1:      erik_arrival_orb_chamber, layout_basic, serial_shops, shop,
          hellmonk_ecumenical_altar_inner_sanctum, wad_floor_pattern_2,
          minmay_pentomino_x2
D:2:      layout_rooms, kennysheep_generic_room_9, uniq_terence
D:3:      layout_loops_ring, fiery_altar_vehumet, serial_bayou_lagoon_b
D:4:      layout_gridville, mainiacjoe_overflow_concentric_impassable,
          minmay_temple_entry_wispy
D:5:      layout_basic, kennysheep_okawaru_gauntlet,
          mainiacjoe_overflow_brackets, serial_shops, shop
D:6:      layout_loops_ring, mainiacjoe_overflow_six_doors_small, uniq_eustachio

Skill      XL: |  1  2  3  4  5  6  7  8 |
---------------+-------------------------+-----
Armour         | 3 4 5 6 |  6.4
Throwing       | 1 2 3 |  3.4
Axes           | 4 5 6 |  6.8
Fighting       | 4 |  4.4
Stealth        | 1 |  1.1
Dodging        | |  2.8

Action                   |  1- 3 |  4- 6 |  7- 9 || total
-------------------------+-------+-------+-------++-------
Melee: Hand axe          |    62 |   110 |    40 ||   212
       Kick              |    19 |    38 |    16 ||    73
       Peck              |    12 |    21 |    14 ||    47
       War axe           |       |       |    19 ||    19
Throw: Boomerang         |    15 |    10 |    36 ||    61
Invok: Berserk           |     1 |     4 |     3 ||     8
       Trog's Hand       |       |     1 |       ||     1
Armor: Ring mail         |    21 |       |       ||    21
       Chain mail        |     9 |    61 |    16 ||    86
       Plate armour      |       |       |    29 ||    29
Dodge: Dodged            |    41 |    66 |    38 ||   145
